Map: Colonisation EC

Players

Worming - Winner!

  • Race: Zerg Zerg
  • League: Diamond

VirginiaWolf

  • Race: Terran Terran
  • League: Platinum

VOD

Have the link to the VOD?

Description

Time

  • Played on: June 23, 2016, 5:55 a.m.
  • Length: 16:39
Show
View Real Time Build Order
Export as new Build Order

Worming Zerg - Winner!

Build Orders: Pool First, Muta Ling Bane 

Get SALT Encoding   

  12  0:01  Drone  
  13  0:13  Overlord  
  13  0:18  Drone  
  14  0:32  Drone x2  
  14  0:34  Drone  
  14  0:35  Extractor  
  16  0:47  Drone  
  17  0:54  Spawning Pool  
  16  1:01  Drone  
  17  1:10  Overlord  
  17  1:23  Drone  
  18  1:41  Queen, Metabolic Boost  
  18  1:42  Zergling x4  
  22  1:50  Zergling x2  
  23  2:03  Zergling x2  
  23  2:04  Hatchery  
  23  2:13  Zergling x2  
  24  2:17  Queen  
  26  2:26  Overlord  
  26  2:42  Overlord  
  25  3:26  Zergling x10  
  29  3:45  Drone x5  
  31  3:54  Drone x5  
  31  3:55  Queen  
  38  4:00  Lair  
  38  4:02  Extractor  
  37  4:27  Drone x10  
  37  4:30  Extractor  
  45  4:53  Extractor  
  45  4:56  Drone x3  
  45  4:57  Drone x2  
  49  5:01  Hatchery  
  49  5:07  Overlord  
  48  5:08  Overlord x2  
  46  5:19  Baneling Nest, Drone x3  
  48  5:21  Zergling x2  
  48  5:22  Zergling x2  
  48  5:24  Overlord  
  48  5:26  Zergling x6  
  53  5:35  Spine Crawler  
  52  5:36  Zergling x2  
  52  5:37  Zergling x2  
  53  5:59  Overlord x2  
  53  6:04  Evolution Chamber  
  53  6:06  Drone x2, Evolution Chamber  
  53  6:08  Baneling  
  53  6:09  Baneling x7, Centrifical Hooks  
  53  6:14  Spire  
  52  6:25  Zergling x2  
  52  6:26  Zergling x6  
  52  6:32  Overseer  
  56  6:35  Spore Crawler  
  56  6:37  Spore Crawler  
  51  6:42  Spore Crawler  
  51  6:44  Spore Crawler  
  42  6:59  Drone x12  
  54  7:04  Spore Crawler  
  53  7:10  Overseer  
  53  7:14  Drone x2  
  55  7:27  Spire  
  54  7:37  Zerg Melee Weapons Level 1  
  54  7:50  Zerg Ground Armor Level 1  
  54  7:53  Drone x3  
  54  7:54  Drone x3  
  59  8:04  Burrow  
  58  8:06  Drone x9  
  65  8:30  Spine Crawler  
  65  8:31  Drone x2  
  65  8:32  Drone  
  65  8:33  Drone x2  
  69  8:35  Drone x2  
  69  8:39  Overlord, Zerg Flyer Weapons Level 1, Mutalisk x2  
  69  8:40  Mutalisk x2  
  79  8:43  Pneumatized Carapace  
  79  8:50  Queen  
  81  8:59  Drone  
  81  9:00  Infestation Pit  
  81  9:03  Mutalisk x4  
  81  9:04  Mutalisk x2  
  92  9:26  Baneling x2  
  92  9:27  Baneling x8  
  92  9:28  Zergling x22  
  95  9:38  Pathogen Glands  
  95  9:44  Extractor  
  94  9:45  Extractor  
  94  9:46  Drone x3  
  94  9:47  Drone x3  
  99  9:53  Overseer  
  99  9:56  Zergling x6  
  99  9:57  Hatchery  
  94  10:14  Infestor x2  
  94  10:18  Zergling x16  
  94  10:21  Baneling x6, Overlord  
  106  10:24  Overlord  
  106  10:26  Overlord  
  94  10:40  Overlord x2  
  94  10:42  Zergling x8  
  98  10:43  Infestor x2  
  99  10:56  Zergling x14  
  97  11:00  Baneling x6  
  97  11:02  Baneling, Zergling x2  
  97  11:03  Zergling x10  
  103  11:10  Zergling x2  
  91  11:46  Zergling x14  
  91  11:47  Zergling x6  
  101  11:49  Hive, Zerg Melee Weapons Level 2, Zerg Ground Armor Level 2  
  101  11:57  Drone x7, Extractor  
  101  11:58  Extractor  
  101  11:59  Queen  
  108  12:21  Overseer  
  106  12:35  Queen  
  108  12:42  Zergling x2, Hatchery  
  105  12:54  Queen  
  105  12:57  Baneling Nest  
  104  13:08  Mutalisk  
  104  13:09  Mutalisk x7  
  119  13:32  Ultralisk Cavern  
  118  13:35  Overlord  
  118  13:37  Infestor x3  
  118  13:39  Zergling x6  
  118  13:40  Zergling x16  
  135  13:41  Baneling  
  135  13:42  Baneling x13  
  135  13:47  Overseer  
  135  13:48  Overseer  
  135  13:53  Baneling x3  
  135  13:54  Zergling x16  
  143  13:56  Overlord x3  
  141  14:15  Adrenal Glands  
  139  14:29  Mutalisk x5  
  137  14:40  Drone x6  
  149  15:00  Ultralisk x4  
  149  15:04  Zergling x20  
  177  15:14  Overlord x2  
  177  15:15  Chitinous Plating, Overlord  
  177  15:16  Zergling x2  
  177  15:17  Zergling x6  
  156  15:51  Zergling x2  
  156  15:52  Zergling x2  
  156  15:54  Queen  
  158  16:00  Ultralisk x5  
  188  16:17  Infestation Pit  
  186  16:18  Spore Crawler  
Show
View Real Time Build Order
Export as new Build Order

VirginiaWolf Terran 

Build Orders: Reaper Expand, MMM Bio 

Get SALT Encoding   

  12  0:01  SCV  
  13  0:13  SCV  
  14  0:17  Supply Depot  
  14  0:25  SCV  
  15  0:29  Refinery  
  15  0:39  SCV  
  16  0:45  Barracks  
  16  0:52  SCV  
  17  1:04  SCV  
  18  1:16  SCV  
  19  1:32  Orbital Command  
  19  1:33  Reaper  
  20  1:43  Command Center  
  20  1:54  Supply Depot  
  20  1:58  SCV  
  21  2:04  Factory  
  21  2:09  Barracks Reactor  
  21  2:13  SCV  
  22  2:20  Refinery  
  22  2:26  SCV  
  23  2:35  Barracks  
  23  2:38  SCV  
  24  2:47  Marine  
  24  2:48  Marine  
  26  3:00  Starport  
  26  3:05  SCV  
  26  3:12  Marine x2  
  26  3:17  Hellion  
  26  3:19  SCV  
  28  3:30  Marine x2  
  28  3:31  SCV  
  26  3:42  Hellion  
  26  3:45  SCV  
  25  3:56  Starport Tech Lab  
  25  3:58  Marine x2  
  25  4:00  SCV  
  28  4:09  Barracks Tech Lab  
  28  4:20  Marine x2  
  28  4:22  Supply Depot  
  29  4:27  SCV  
  29  4:29  Banshee  
  31  4:37  Hellion  
  33  4:39  SCV  
  33  4:44  Marine x2  
  35  4:48  Cloaking Field  
  35  4:55  SCV  
  36  5:07  SCV  
  37  5:16  Banshee  
  37  5:18  Stimpack  
  37  5:19  Marine x3  
  43  5:25  SCV  
  43  5:26  SCV  
  43  5:28  Supply Depot  
  45  5:29  Supply Depot  
  45  5:39  SCV  
  45  5:41  Orbital Command  
  45  5:42  Supply Depot  
  46  5:51  Marine  
  46  5:52  Marine x2  
  46  5:54  Factory Reactor  
  49  6:07  Viking  
  49  6:09  Marine x2  
  54  6:11  SCV  
  54  6:22  Marine  
  55  6:36  Marine x2  
  57  7:11  Marine x3  
  57  7:13  SCV x2  
  59  7:21  Barracks x2  
  59  7:22  Engineering Bay x2, Barracks  
  59  7:24  Supply Depot x2  
  59  7:25  SCV x2  
  59  7:27  Supply Depot  
  59  7:28  Marine  
  59  7:29  Marine  
  63  7:31  Combat Shields  
  63  7:32  Marine  
  64  7:37  SCV  
  61  7:49  Marine x2  
  61  7:50  Marine  
  64  7:51  Widow Mine x2  
  64  7:54  Medivac  
  70  8:06  Marine  
  70  8:09  Marine x2  
  70  8:19  Barracks Tech Lab, Barracks Reactor x2  
  70  8:20  SCV  
  70  8:21  SCV  
  70  8:23  Terran Infantry Weapons Level 1, Terran Infantry Armor Level 1  
  70  8:24  Marine  
  70  8:26  Marine  
  70  8:27  Marine  
  75  8:42  Marine  
  75  8:44  Marine  
  77  8:49  Widow Mine  
  77  8:50  Marine x2  
  77  8:52  SCV x2  
  83  9:00  Marine  
  83  9:02  Marine  
  85  9:08  Marine x6  
  85  9:09  Command Center  
  91  9:18  Marine  
  91  9:20  Marine  
  93  9:25  Marine  
  93  9:27  Marine x2  
  93  9:34  Marine  
  94  9:41  Supply Depot  
  94  9:42  Supply Depot  
  94  9:43  Supply Depot x2  
  94  9:51  Missile Turret  
  94  9:56  Missile Turret  
  94  10:02  Widow Mine, SCV, Marine x5  
  94  10:03  SCV, Marine x3  
  106  10:08  Refinery  
  106  10:15  SCV  
  106  10:17  Medivac x2  
  107  10:30  Widow Mine  
  107  10:31  Marine x7  
  107  10:32  Marine  
  117  10:47  Medivac x2  
  117  10:49  Marine  
  122  10:55  Marine x7  
  108  11:06  Marine, SCV x2  
  111  11:11  Widow Mine  
  111  11:13  Marine x7  
  111  11:17  Medivac x2  
  118  11:24  Marine  
  99  11:30  Marine  
  99  11:31  Marine x6  
  92  11:40  SCV  
  92  11:42  Marine  
  94  11:48  Marine  
  94  11:49  Marine x6  
  101  12:00  Marine  
  102  12:06  Marine x5  
  102  12:07  Marine x2  
  102  12:08  SCV x2  
  101  12:17  Liberator  
  101  12:18  Marine  
  100  12:24  Marine x7  
  100  12:28  SCV x2  
  107  12:35  Marine  
  111  12:42  Marine x7  
  118  12:53  Marine  
  118  12:57  Viking  
  121  13:00  Marine x7  
  127  13:11  Marine  
  128  13:17  Marine  
  128  13:18  Marine x6  
  128  13:23  Ghost Academy  
  128  13:29  Marine  
  129  13:35  Marine x3  
  129  13:36  Marine x4  
  136  13:47  Marine  
  137  13:53  Marine x3  
  140  13:57  SCV  
  140  13:59  Supply Depot x2  
  140  14:00  Personal Cloaking  
  141  14:21  Marauder x2, SCV x2  
  147  14:26  Marine x6  
  143  14:33  SCV x2  
  143  14:35  Medivac  
  145  14:42  Marauder, Marine  
  145  14:44  Orbital Command, Marine x6  
  145  14:45  SCV x2  
  154  15:00  Marine  
  154  15:01  Marine  
  154  15:02  Marine  
  157  15:08  Marine x2  
  157  15:10  Command Center  
  157  15:21  Marine x2  
  157  15:34  Marine  
  157  15:35  Marine x5  
  157  15:36  Viking  
  157  15:39  Marine x2  
  110  15:52  Marine x3  
  110  15:53  Marine, Marauder x2  
  110  15:56  Marine  
  115  15:57  Marine  
  113  16:10  Marine x3  
  113  16:11  Marine  
  116  16:14  Marauder, Marine  
  116  16:15  Marauder, Marine  
Tags
 
Add a new tag
Caveats
  • Supply blocks, unpowered buildings, or Contaminate may cause inaccurate times.
  • Supply counts are checked every 10 seconds.